 Dungeon Crawl Stone Soup version 0.20-a0-903-g7e3609c (webtiles) character file.

159 M4edhros the Gusty (level 5, -1/36 HPs)
             Began as a Formicid Air Elementalist on Mar 21, 2017.
             Was a Follower of Dithmenos.
             Slain by a centaur skeleton (6 damage)
             ... on level 5 of the Dungeon.
             The game lasted 00:05:09 (2856 turns).

M4edhros the Gusty (Formicid Air Elementalist)      Turns: 2856, Time: 00:05:10

Health: -1/36      AC:  3    Str: 11 (12) XL:     5   Next: 68%
Magic:  8/8        EV: 13    Int: 18 (20) God:    Dithmenos [*.....]
Gold:   72         SH:  0    Dex: 11 (12) Spells: 7/8 levels left

rFire    . . .     SeeInvis +   e - +0 short sword (curse)
rCold    . . .     Gourm    .   a - +0 robe
rNeg     . . .     Faith    .   (no shield)
rPois    .         Spirit   .   (helmet unavailable)
rElec    .         Reflect  .   (no cloak)
rCorr    .         Harm     .   (no gloves)
MR       .....                  (no boots)
Stlth    ++........             (no amulet)
Regen    0.2/turn               (no ring)
MPRegen  0.2/turn               (no ring)

@: brilliant, wreathed by umbra
A: permanent stasis, dig shafts and tunnels, four strong arms, antennae 3,
rugged brown scales 1, sturdy frame 1
a: Dig, Shaft Self, Renounce Religion


You were on level 5 of the Dungeon.
You worshipped Dithmenos.
Dithmenos was aware of your devotion.
You were very hungry.

You visited 1 branch of the dungeon, and saw 4 of its levels.

You collected 72 gold pieces.

Inventory:

Hand Weapons
 e - a cursed +0 short sword (weapon)
 s - a +0 hunting sling
Missiles
 t - 65 stones (quivered)
Armour
 a - a +0 robe (worn)
 n - a +0 shield
Scrolls
 d - 2 scrolls of identify
 h - 4 scrolls of teleportation
 i - a scroll of amnesia {unknown}
 k - 2 scrolls of remove curse {unknown}
 q - a scroll of magic mapping {unknown}
 r - a scroll of recharging {unknown}
Potions
 o - a potion of brilliance
 p - a potion of haste
Books
 b - a book of Air

   Spells                             Type                      Level
   a - Shock                          Conjuration/Air              1
   b - Swiftness                      Charms/Air                   2
   c - Static Discharge               Conjuration/Air              3
   d - Airstrike                      Air                          4
   e - Lightning Bolt                 Conjuration/Air              5
Comestibles
 c - 4 bread rations
 f - 2 meat rations


   Skills:
 + Level 3.1 Dodging
 - Level 2.4 Stealth
 + Level 1.3 Shields
 - Level 2.1 Spellcasting
 + Level 2.7 Conjurations
 + Level 3.2 Air Magic


You had 7 spell levels left.
You knew the following spells:

 Your Spells              Type           Power        Failure   Level  Hunger
a - Shock                 Conj/Air       ###.         1%          1    #......


Dungeon Overview and Level Annotations

Branches:
Dungeon (3/15)

Altars:
Dithmenos
Hepliaklqana
Vehumet


Innate Abilities, Weirdness & Mutations

You cannot be hasted, slowed, berserked, paralysed or teleported.
You can dig through walls and to a lower floor.
Your four strong arms can wield two-handed weapons with a shield.
You have a pair of large antennae on your head. (SInv)
You are partially covered in rugged brown scales. (AC +1, +3% HP)
Your movements are slightly less encumbered by armour. (ER -2)


Message History

* * * LOW HITPOINT WARNING * * *
It was a potion of brilliance.
You feel clever all of a sudden. The crimson imp misses you.
It was a potion of haste.
Your stasis prevents you from being hasted.
The crimson imp blinks!
You aren't carrying any items that you can evoke.
Okay, then.
As you read the scroll labeled WAUSAI ESINT, it crumbles to dust.
It is a scroll of identify.
h - 4 scrolls of teleportation The centaur skeleton barely misses you.
Okay, then.
Are you sure you want to shaft yourself?
You are feeling very hungry.
The centaur skeleton barely misses you.
You begin to dig a shaft.
You continue digging a shaft.
The centaur skeleton hits you.
You die...

.........#
.........# { #..##
##5.# # . #..# .##
.. #..## ..#...
##...######......
#........5.......
.....#####.@Z.......
.....# ###........
....# ##....... .#..
....... ## ...>...
....... .......
....... ....###


You could see a crimson imp and a centaur skeleton.

Vanquished Creatures
  An orc priest (D:3)
  Robin (D:3)
  4 adders
  2 dart slugs
  A leopard gecko (D:2)
  5 bats
  2 giant cockroaches
  20 goblins
  9 hobgoblins
  10 jackals
  A ball python (D:2)
  3 frilled lizards
  6 kobolds
  6 rats
71 creatures vanquished.

Notes
Turn   | Place    | Note
-------+----------+-------------------------------------------
     0 | D:1      | M4edhros the Formicid Air Elementalist began the quest for the Orb.
     0 | D:1      | Reached XP level 1. HP: 13/13 MP: 3/3
   150 | D:1      | Reached skill level 1 in Conjurations
   203 | D:1      | Reached XP level 2. HP: 10/19 MP: 0/5
   521 | D:2      | Found a hazy altar of Hepliaklqana.
   653 | D:2      | Reached XP level 3. HP: 24/24 MP: 1/6
   888 | D:3      | Found a shadowy altar of Dithmenos.
   905 | D:3      | Became a worshipper of Dithmenos the Shadowed
  1509 | D:2      | Reached XP level 4. HP: 29/30 MP: 0/7
  1540 | D:2      | Found a radiant altar of Vehumet.
  2420 | D:3      | Reached XP level 5. HP: 32/35 MP: 0/8
  2599 | D:3      | Noticed Robin
  2602 | D:3      | Reached * piety under Dithmenos
  2616 | D:3      | Killed Robin
  2626 | D:3      | Reached skill level 1 in Shields
  2836 | D:3      | You fall through a shaft for 2 floors!
  2836 | D:5      | Entered Level 5 of the Dungeon
  2849 | D:5      | Gained mutation: You are partially covered in rugged brown scales. (AC +1, +3% HP) [potion of mutation]
  2849 | D:5      | Gained mutation: Your movements are slightly less encumbered by armour. (ER -2) [potion of mutation]
  2856 | D:5      | Slain by a centaur skeleton

Vault maps used:
D:1:      mrwooster_arrival_statue, dk_noncrumbling_3, minivault_23
D:2:      nicolae_overflow_crystal_walls, old_standard_altar
D:3:      nicolae_dithmenos_through_a_glass_darkly, uniq_robin
D:5:      serial_shops, shop, first_bread

Skill      XL: |  1  2  3  4  5 |
---------------+----------------+-----
Conjurations   | 1 2 |  2.7
Dodging        | 2 3 |  3.1
Air Magic      | 3 |  3.2
Shields        | 1 |  1.3
Stealth        | |  2.4
Spellcasting   | |  2.1

Action                   |  1- 3 |  4- 6 || total
-------------------------+-------+-------++-------
Melee: Short sword       |    31 |    57 ||    88
 Cast: Shock             |    52 |    71 ||   123
 Abil: Shaft Self        |       |     2 ||     2
  Use: Potion            |       |     6 ||     6
       Scroll            |       |     1 ||     1
  Eat: Chunk             |     2 |     6 ||     8
Armor: Robe              |     6 |     9 ||    15
Dodge: Dodged            |    27 |    54 ||    81
